AoeStats
← 体制少妇白洁

Arabia

506855456Analyzed
4v4 RM · 17d ago on Sep 15, 2026· 15m 32s· 8 players
Game mode
Random Map
Map size
Large (8 player)
Population
200
Speed
Normal
Resources
Standard
Victory
Conquest
Starting age
Dark Age
Ending age
Imperial Age
RankedLock teamsTeams togetherTeam positionsShared explorationLock speedFull tech treeHidden civsTurbo modeCheats
Victory
Defeat
🇺🇸 Ethiopians · United States
1425
+17
🇨🇳 Tatars · China
1412
+17
🇨🇳 Franks · China
1411
+17
🇨🇳 Georgians · China
1363
+19
🇭🇰 Ethiopians · Hong Kong SAR China
1550
-21
🇨🇳 Vietnamese · China
1441
-18
🇨🇳 Lithuanians · China
1420
-17
🇨🇳 Magyars · China
1340
-14
PAYLOTO
6:23 Loom
8:46 Feudal Age
10:52 Double-Bit Axe
11:21 Double-Bit Axe
抖音帝国时代dmv
1:51 Loom
10:39 Feudal Age
11:24 Double-Bit Axe
13:30 Fletching
XY
2:56 Loom
9:33 Feudal Age
11:11 Double-Bit Axe
12:07 Horse Collar
13:30 Stone Mining
聂灭知北
7:13 Loom
7:43 Loom
10:53 Feudal Age
12:00 Double-Bit Axe
13:12 Wheelbarrow
13:27 Arson
14:26 Scale Barding Armor
15:29 Forging
体制少妇白洁
6:10 Loom
8:39 Feudal Age
10:02 Double-Bit Axe
11:42 Fletching
FoLuo
8:51 Feudal Age
10:13 Double-Bit Axe
13:43 Loom
咽语习言
7:14 Loom
9:31 Feudal Age
10:19 Double-Bit Axe
12:18 Fletching
cookie tin
8:29 Feudal Age
9:10 Double-Bit Axe
10:50 Loom
14:53 Scale Barding Armor
Connection lost

Rejoining the realm…

Still unreachable

The connection could not be restored.

Session expired

The server has moved on; the page needs a fresh start.